 Dungeon Crawl Stone Soup version 0.27.1-4-g1640c2035a (webtiles) character file.

Game seed: 15164583516390127461

6 zeram the Sneak (level 1, -1/14 HPs)
             Began as an Octopode Brigand on Nov 17, 2021.
             Slain by a jackal (3 damage)
             ... on level 1 of the Dungeon.
             The game lasted 00:00:18 (342 turns).

zeram the Sneak (Octopode Brigand)                   Turns: 342, Time: 00:00:19

Health: -1/14      AC:  1    Str: 10    XL:     1   Next: 90%
Magic:  1/1        EV: 12    Int: 13    God:
Gold:   0          SH:  0    Dex: 13    Spells: 0/0 levels left

rFire    . . .     SeeInvis .   a - +2 dagger
rCold    . . .     Faith    .   (no shield)
rNeg     . . .     Spirit   .   (helmet restricted)
rPois    .         Reflect  .   (no amulet)
rElec    .         Harm     .   (no ring)
rCorr    .         Rampage  .   (no ring)
Will     .....                  (no ring)
Stlth    ++++......             (no ring)
HPRegen  0.04/turn              (no ring)
MPRegen  0.07/turn              (no ring)
                                (no ring)
                                (no ring)

@: no status effects
A: almost no armour, amphibious, 8 rings, camouflage 1, gelatinous body 1,
(nimble swimmer 1), tentacles
a: no special abilities


You were on level 1 of the Dungeon.
You visited 1 branch of the dungeon, and saw 1 of its levels.

Inventory:

Hand Weapons
 a - a +2 dagger (weapon)
Missiles
 b - 8 poisoned darts (quivered)
 c - 2 curare-tipped darts
Potions
 d - 2 potions of curing {unknown}
 e - a potion of resistance {unknown}
 f - a potion of might {unknown}


   Skills:
 - Level 2.0 Fighting
 + Level 2.0 Short Blades
 - Level 2.0 Throwing
 + Level 1.0 Dodging
 + Level 5.9 Stealth


You couldn't memorise any spells.
You didn't know any spells.
Your spell library was empty.

Dungeon Overview and Level Annotations

Branches:
Dungeon (1/15)

Altars:


Innate Abilities, Weirdness & Mutations

You cannot wear most types of armour.
You are amphibious.
You can wear up to eight rings at the same time.
Your skin changes colour to match your surroundings (Stealth+).
Your rubbery body absorbs attacks. (AC +1, EV +1)
((You are camouflaged near water. (Stealth+)))
You have tentacles for arms and can constrict up to eight enemies at once.


Message History

f - a fuming inky potion You open the door.
A rat comes into view.
There is an open door here.
A rat is nearby!
A rat is nearby!
A rat is nearby!
The helpless rat fails to defend itself.
You impale the rat!!
You kill the rat!
No target in view! 3 jackals come into view.
There are monsters nearby!
There are monsters nearby!
There are monsters nearby!
There are monsters nearby!
There are monsters nearby!
The jackal barks!
The jackal barks!
You hit the jackal. You grab the jackal.
You squeeze the jackal, but do no damage.
The jackal is lightly wounded.
You constrict the jackal, but do no damage.
The jackal barely misses you.
You hit the jackal but do no damage.
The jackal is lightly wounded.
You constrict the jackal, but do no damage.
The jackal barely misses you. The jackal closely misses you.
The jackal misses you. The jackal closely misses you.
You hit the jackal but do no damage.
You squeeze the jackal, but do no damage.
The jackal is lightly wounded.
You constrict the jackal. The jackal closely misses you. The jackal bites you.
The jackal closely misses you.
You hit the jackal.
The jackal is heavily wounded.
You constrict the jackal. The jackal bites you. x4
* * * LOW HITPOINT WARNING * * *
The jackal bites you.
You die...

...............'....'
..######.########.>..# .
#####.# ###### #.#...#.#
##### #.#...#.# #...#
+###.....#.# #...#
.........#.###### #...##
......h...........+...+.
......h@.#.########...##
......h###.# ######.....
....... ... ........##.
.####.. #.#########.##.
... #.# #.### ...# #.#
#.# # #... .# #.# # ###.
#.# # #.# #


You could see 3 jackals.

Vanquished Creatures
  An endoplasm (D:1)
  A goblin (D:1)
  2 quokkas (D:1)
  A rat (D:1)
5 creatures vanquished.

Notes
Turn   | Place    | Note
-------+----------+-------------------------------------------
     0 | D:1      | zeram the Octopode Brigand began the quest for the Orb.
     0 | D:1      | Reached XP level 1. HP: 14/14 MP: 1/1
   342 | D:1      | Slain by a jackal

Illustrated notes

Levels and vault maps discovered:
D:1:      lightli_arrival_chessboard, layout_basic

Action                   || total
-------------------------++-------
Melee: Dagger            ||    17
       Constrict         ||     3
       Tentacles         ||     3
 Stab: Distracted        ||     1
       Sleeping          ||     1
Armor: Skin              ||     1
Dodge: Dodged            ||    16
